 Dungeon Crawl Stone Soup version 0.26-a0-40-gfe7b5d5a6f (webtiles) character file.

Game seed: 6428149836498833094, levelgen mode: deterministic

757 Majang the Spear-Bearer (level 7, -2/84 HPs)
             Began as a Merfolk Gladiator on June 1, 2020.
             Was an Initiate of Gozag.
             Slain by a two-headed ogre
             ... wielding a +0 giant spiked club
              (11 damage)
             ... on level 5 of the Dungeon.
             The game lasted 00:15:50 (3791 turns).

Majang the Spear-Bearer (Merfolk Gladiator)         Turns: 3791, Time: 00:15:51

Health: -2/84      AC: 23    Str: 16    XL:     7   Next: 79%
Magic:  7/7        EV:  2    Int:  7    God:    Gozag
Gold:   453        SH:  0    Dex: 16    Spells: 6/6 levels left

rFire    . . .     SeeInvis .   a - +1 trident
rCold    . . .     Gourm    .   (no shield)
rNeg     + + +     Faith    .   (armour currently unavailable)
rPois    +         Spirit   .   (helmet currently unavailable)
rElec    .         Reflect  .   (cloak currently unavailable)
rCorr    .         Harm     .   (gloves currently unavailable)
MR       .....     NoTele   +   (boots currently unavailable)
Stlth    ++........             (no amulet)
HPRegen  0.24/turn              (no ring)
MPRegen  0.10/turn              (no ring)

@: tree-form, gold aura
A: (change form in water), (swift swim), (stealthy swim)
a: Potion Petition, Call Merchant, Bribe Branch, Renounce Religion


You were on level 5 of the Dungeon.
You worshipped Gozag.
Gozag was aware of your devotion.
You were very hungry.
You were a tree.
You visited 1 branch of the dungeon, and saw 5 of its levels.

You collected 488 gold pieces.
You paid 35 gold pieces to Gozag.

Inventory:

Hand Weapons
 a - a +1 trident (weapon)
 k - a +1 vorpal spear
Missiles
 d - a throwing net
 u - 8 javelins (quivered)
Armour
 c - a +1 helmet (melded)
 m - a +0 chain mail
 o - a +0 robe of resistance
 p - a scarf of repulsion (melded)
 s - a +2 pair of gloves (melded)
 w - a +0 scale mail (melded)
Wands
 g - a wand of flame (24)
Scrolls
 e - 6 scrolls of identify
 j - 2 scrolls of remove curse
 n - a scroll of teleportation
 r - a scroll of fear
 t - a scroll of enchant weapon
Potions
 b - a potion of might {unknown}
 h - a potion of stabbing
 i - 2 potions of lignification
 l - a potion of cancellation {unknown}
 q - 2 potions of heal wounds {unknown}
 v - a potion of invisibility
 x - 2 potions of magic {unknown}
Comestibles
 f - 6 rations


   Skills:
 + Level 5.2 Fighting
 * Level 10.0 Polearms
 + Level 2.5 Throwing
 + Level 0.8 Armour
 + Level 4.4 Dodging
 + Level 1.4 Stealth


You had 6 spell levels left.
You didn't know any spells.
Your spell library contained the following spells:

 Spells                   Type           Power        Failure   Level  Hunger
 Confusing Touch          Hex            #.......     80%         3    ####...
 Gell's Gravitas          Tloc           #.........   80%         3    ####...
 Petrify                  Tmut/Erth      #.......     99%         4    #####..
 Metabolic Englaciation   Hex/Ice        #.........   100%        5    ######.
 Yara's Violent Unravell  Hex/Tmut       #.........   100%        5    ######.


Dungeon Overview and Level Annotations

Branches:
Dungeon (5/15)
 Temple: D:4-7

Altars:
Fedhas
Gozag
Kikubaaqudgha
Nemelex Xobeh
Sif Muna
Vehumet
Wu Jian
Xom
Yredelemnul
The Shining One


Message History

The two-headed ogre hits you with a +0 giant club!
* * * LOW HITPOINT WARNING * * *
You puncture the two-headed ogre!
The two-headed ogre is heavily wounded.
You barely miss the two-headed ogre.
The two-headed ogre is heavily wounded.
The two-headed ogre hits you with a +0 giant spiked club!
* * * LOW HITPOINT WARNING * * *
The two-headed ogre hits you but does no damage.
Really quaff the potion of lignification?
You turn into a tree.
Your scarf of repulsion melds into your body.
Your +1 helmet melds into your body.
Your +2 pair of gloves melds into your body.
Your +0 scale mail melds into your body.
The haze of the repulsion field disappears.
Your roots penetrate the ground.
The two-headed ogre hits you with a +0 giant spiked club!
You die...
Your body crumbles into a pile of gold.

# ###.# ...
##.##.##. $
########♣.......
#......O$.##....
#.........# .
#.##........#
#.##........ ...
#........ ...
..###.### #..
..# .# ### ### #


You could see a two-headed ogre.

Vanquished Creatures
  Sigmund (D:2)
  A phantom (D:4)
  A howler monkey (D:4)
  A centaur skeleton (D:4)
  3 hounds (D:4)
  3 orc wizards (D:4)
  An iguana (D:5)
  Terence (D:3)
  Natasha (thrice) (D:3)
  A worker ant (D:4)
  3 adders (D:3)
  An ooze (D:4)
  An adder skeleton (D:4)
  3 worms
  6 dart slugs
  3 leopard geckos
  3 orcs
  4 bats
  2 giant cockroaches
  5 goblins
  4 hobgoblins
  8 jackals
  3 kobolds
  2 quokkas (D:2)
  3 frilled lizards
  A leopard gecko skeleton (D:4)
  A quokka skeleton (D:4)
  5 rats
74 creatures vanquished.

Notes
Turn   | Place    | Note
-------+----------+-------------------------------------------
     0 | D:1      | Majang the Merfolk Gladiator began the quest for the Orb.
     0 | D:1      | Reached XP level 1. HP: 16/16 MP: 1/1
   107 | D:1      | Reached XP level 2. HP: 20/23 MP: 2/2
   148 | D:1      | Reached skill level 5 in Polearms
   838 | D:2      | Reached XP level 3. HP: 27/28 MP: 3/3
   999 | D:2      | Found an opulent altar of Gozag.
  1016 | D:2      | Became a worshipper of Gozag Ym Sagoz the Greedy
  1209 | D:2      | Noticed Sigmund
  1233 | D:2      | Killed Sigmund
  1233 | D:2      | Reached skill level 7 in Polearms
  1233 | D:2      | Reached XP level 4. HP: 27/37 MP: 4/4
  1233 | D:2      | Reached XP level 5. HP: 31/42 MP: 5/5
  1619 | D:3      | Reached skill level 8 in Polearms
  1684 | D:3      | Reached XP level 6. HP: 48/48 MP: 6/6
  1855 | D:3      | Found an ancient bone altar of Kikubaaqudgha.
  1863 | D:3      | Found an ornate altar of the Wu Jian Council.
  1870 | D:3      | Found a blossoming altar of Fedhas.
  1878 | D:3      | Found a shimmering altar of Xom.
  1915 | D:3      | Noticed Terence
  1925 | D:3      | Killed Terence
  1985 | D:3      | Found a sparkling altar of Nemelex Xobeh.
  1986 | D:3      | Found a basalt altar of Yredelemnul.
  2062 | D:3      | Found a shimmering blue altar of Sif Muna.
  2257 | D:3      | Noticed Natasha
  2267 | D:3      | Killed Natasha
  2362 | D:3      | Noticed Natasha
  2374 | D:3      | Killed Natasha
  2845 | D:3      | Noticed Natasha
  2853 | D:3      | Killed Natasha
  2938 | D:4      | Reached skill level 9 in Polearms
  2953 | D:4      | Found a radiant altar of Vehumet.
  3031 | D:4      | Noticed a phantom
  3066 | D:4      | Killed a phantom
  3066 | D:4      | Reached XP level 7. HP: 42/55 MP: 7/7
  3147 | D:4      | Reached skill level 5 in Fighting
  3309 | D:4      | Reached skill level 1 in Stealth
  3498 | D:4      | Found a glowing golden altar of the Shining One.
  3739 | D:4      | Reached skill level 10 in Polearms
  3777 | D:5      | Entered Level 5 of the Dungeon
  3777 | D:5      | Noticed a two-headed ogre
  3791 | D:5      | Slain by a two-headed ogre

Illustrated notes

Levels and vault maps discovered:
D:1:      eino_arrival_water_cross, layout_loops_ring
D:2:      layout_basic, old_standard_altar, first_ration, uniq_sigmund
D:3:      layout_basic, led_sif_pool, grunt_temple_overflow_open,
          grunt_temple_overflow_cloverleaf, kennysheep_generic_room_11,
          uniq_natasha, uniq_terence
D:4:      layout_basic, vehumet_altar_wand_db, kennysheep_mini_moat,
          minmay_fractal_squares_5
D:5:      layout_loops_cross, ashenzari_altar_1, kennysheep_decorative_pillar

Skill      XL: |  1  2  3  4  5  6  7 |
---------------+----------------------+-----
Polearms       | 5 7 8 9 10 | 10.0
Fighting       | 4 5 |  5.2
Stealth        | 1 |  1.4
Throwing       | |  2.5
Armour         | |  0.8
Dodging        | |  4.4

Action                   |  1- 3 |  4- 6 |  7- 9 || total
-------------------------+-------+-------+-------++-------
Melee: Trident           |    31 |    19 |   100 ||   150
       Spear             |    62 |   116 |       ||   178
Throw: Throwing net      |     2 |     1 |       ||     3
  Use: Potion            |     2 |       |     1 ||     3
       Scroll            |       |     8 |       ||     8
 Stab: Held in net/web   |       |     2 |       ||     2
  Eat: Chunk             |     1 |       |       ||     1
       Ration            |       |     2 |       ||     2
Armor: Leather armour    |    15 |     9 |       ||    24
       Skin              |     1 |       |       ||     1
       Scale mail        |       |     7 |    32 ||    39
Dodge: Dodged            |    39 |    41 |    36 ||   116
       Repelled          |     1 |     1 |     3 ||     5

Table legend:
 A = Non-vault XP
 B = Vault XP
 C = Vault XP percentage of total XP
 D = Non-vault monster count
 E = Vault monster count
 F = Vault count percentage of total count
                 A         B        C        D         E       F
            +---------+---------+-------+---------+---------+-------
      Total |     720 |     362 |  33.5 |      63 |      11 |  14.9
            +---------+---------+-------+---------+---------+-------
        D:1 |      23 |       0 |   0.0 |      11 |       0 |   0.0
        D:2 |      40 |     227 |  85.0 |      17 |       1 |   5.6
        D:3 |     136 |      76 |  35.8 |      18 |       3 |  14.3
        D:4 |     482 |      59 |  10.9 |      16 |       7 |  30.4
        D:5 |      39 |       0 |   0.0 |       1 |       0 |   0.0
            +---------+---------+-------+---------+---------+-------
